 Dungeon Crawl Stone Soup version 0.20.1-1-g8b1a95d (console) character file.

5497 bli the Thaumaturge (level 10, -10/56 HPs)
             Began as a Gargoyle Fire Elementalist on Aug 19, 2017.
             Was a Priest of Vehumet.
             Killed from afar by Nergalle (20 damage)
             ... with a bolt of negative energy
             ... on level 1 of the Lair of Beasts.
             The game lasted 00:51:37 (8785 turns).

bli the Thaumaturge (Gargoyle Fire Elementalist)    Turns: 8785, Time: 00:51:37

Health: -10/56     AC: 17    Str: 12    XL:     10   Next: 69%
Magic:  14/32      EV: 15    Int: 18    God:    Vehumet [***...]
Gold:   569        SH:  3    Dex: 11    Spells: 16/27 levels left

rFire    . . .     SeeInvis .   a - +2 flail (holy)
rCold    . . .     Gourm    .   (no shield)
rNeg     + . .     Faith    .   I - +3 leather armour {MR+}
rPois    ∞         Spirit   .   (no helmet)
rElec    +         Reflect  +   z - +0 cloak
rCorr    .         Harm     .   p - +2 pair of gloves
MR       +....                  (no boots)
Stlth    ++........             u - +3 amulet of reflection
Regen    0.2/turn               X - +3 ring of evasion
MPRegen  0.3/turn               N - ring of magical power

@: drained
A: negative energy resistance 1, electricity resistance, unbreathing,
petrification resistance, rot immunity, AC +7
a: Renounce Religion


You were on level 1 of the Lair of Beasts.
You worshipped Vehumet.
Vehumet was most pleased with you.
You were very full.

You visited 3 branches of the dungeon, and saw 12 of its levels.
You also visited: Sewer.

You collected 569 gold pieces.

Inventory:

Hand Weapons
 a - a +2 flail of holy wrath (weapon)
 M - a +0 dire flail
 Q - a +0 dire flail
Missiles
 g - 171 stones (quivered)
Armour
 m - a +0 shield
 p - a +2 pair of gloves (worn)
 z - a +0 cloak (worn)
 I - a +3 leather armour of magic resistance (worn)
 P - a +1 scale mail of cold resistance
Jewellery
 u - a +3 amulet of reflection (around neck)
 x - an uncursed ring of fire
 y - an uncursed amulet of rage
 A - the ring "Vune" {rElec rN+ Str-3 Stlth+}
   (You found it on level 7 of the Dungeon)

   [ring of stealth]

   It affects your strength (-3).
   It insulates you from electricity.
   It protects you from negative energy.
   It makes you more stealthy.
 D - an uncursed ring of see invisible
 K - an uncursed amulet of the gourmand
 N - a ring of magical power (right hand)
 O - an uncursed ring of protection from fire
 X - a +3 ring of evasion (left hand)
Wands
 f - a wand of random effects (27/48)
 v - a wand of random effects (27/48)
 Z - a wand of enslavement (11/24)
Scrolls
 h - 2 scrolls of blinking
 i - 9 scrolls of identify {unknown}
 j - a scroll of enchant armour {unknown}
 k - a scroll of fog {unknown}
 n - 3 scrolls of amnesia {unknown}
 s - 3 scrolls of remove curse
 E - a scroll of magic mapping {unknown}
 H - 5 scrolls of teleportation {unknown}
 J - 2 scrolls of recharging {unknown}
 S - a scroll of holy word {unknown}
 W - a scroll of fear {unknown}
 Y - a scroll of brand weapon {unknown}
Potions
 e - 3 potions of cancellation {unknown}
 o - 2 potions of haste {unknown}
 q - a potion of degeneration {unknown}
 r - 5 potions of curing
 B - a potion of resistance {unknown}
 C - 3 potions of agility {unknown}
 G - 3 potions of heal wounds {unknown}
 L - 2 potions of invisibility {unknown}
 R - 5 potions of might {unknown}
 T - a potion of lignification {unknown}
 U - a potion of brilliance {unknown}
 V - 2 potions of magic {unknown}
Books
 b - a book of Flames

   Spells                             Type                      Level
   a - Flame Tongue                   Conjuration/Fire             1
   b - Throw Flame                    Conjuration/Fire             2
   c - Conjure Flame                  Conjuration/Fire             3
   d - Inner Flame                    Hexes/Fire                   3
   e - Sticky Flame                   Conjuration/Fire             4
   f - Fireball                       Conjuration/Fire             5
 t - a book of Conjurations

   Spells                             Type                      Level
   a - Magic Dart                     Conjuration                  1
   b - Searing Ray                    Conjuration                  2
   c - Dazzling Spray                 Conjuration/Hexes            3
   d - Fulminant Prism                Conjuration/Hexes            4
   e - Force Lance                    Conjuration/Translocation    4
   f - Iskenderun's Mystic Blast      Conjuration                  4
Comestibles
 c - 3 bread rations
 d - 9 fruits
 l - 4 royal jellies
 w - 4 meat rations
 F - a chunk of flesh


   Skills:
 + Level 3.4(2.8) Fighting
 + Level 3.3(2.6) Maces & Flails
 + Level 3.4(2.8) Armour
 + Level 3.8(3.2) Dodging
 + Level 3.0(2.3) Stealth
 * Level 9.1(8.3) Spellcasting
 + Level 7.1(6.4) Conjurations
 + Level 6.8(6.1) Fire Magic
 * Level 1.1(0.4) Ice Magic
 - Level 3.0(2.3) Poison Magic


You had 16 spell levels left.
You knew the following spells:

 Your Spells              Type           Power        Failure   Level  Hunger
a - Flame Tongue          Conj/Fire      ####.        1%          1    None
b - Throw Frost           Conj/Ice       ###...       1%          2    None
d - Dazzling Spray        Conj/Hex       ###...       2%          3    None
g - Sting                 Conj/Pois      ###.         1%          1    None
s - Sticky Flame          Conj/Fire      ####....     2%          4    ###....


Dungeon Overview and Level Annotations

Branches:
Dungeon (10/15)            Temple (1/1) D:5            Lair (1/6) D:9
    Orc: D:9-12

Altars:
Ashenzari
Dithmenos
Fedhas
Gozag
Hepliaklqana
Kikubaaqudgha
Makhleb
Okawaru
Qazlal
Sif Muna
Trog
Uskayaw
Vehumet
Xom
Yredelemnul
Zin
The Shining One
Beogh

Shops:
D:5 *   D:7 *   D:9 *

Annotations:
Lair:1 Nergalle


Innate Abilities, Weirdness & Mutations

You are resistant to torment.
Your stone body is resilient. (AC +7)
You are immune to poison.
You resist negative energy. (rN+)
You are resistant to electric shocks. (rElec)
You can survive without breathing.
You are immune to petrification.
You are immune to rotting.


Message History

The bolt of negative energy hits you! You partially resist.
You feel drained.
* * * LOW HITPOINT WARNING * * *
The bolt of negative energy hits the spectral orc warrior.
The spectral orc warrior completely resists.
The spectral orc warrior hits you but does no damage.
The spectral orc barely misses you. The spectral orc closely misses you.
Okay, then.
Unknown command.
Casting: Sting
Confirm with . or Enter, or press ? or * to list all spells.
Aiming: Sticky Flame
Press: ? - help, Shift-Dir - straight line, f/p - Nergalle
Aim: Nergalle, wielding a dagger and wearing a robe (moderately wounded, poisoned)
The sticky flame hits Nergalle.
Nergalle appears unharmed.
Nergalle is moderately wounded.
Nergalle is covered in liquid flames!
Nergalle looks more healthy.
Nergalle burns!
The spectral orc warrior barely misses you.
Nergalle points at you and mumbles some strange words.
The bolt of negative energy hits you! You partially resist.
You feel drained.
You die...

### ###.## #########
######...P# ##.......##
......o@Z.###.........##
......ZZZ..#...........#
.....#..................
##...#.......÷..........
#...............).....#
#....###.###.##P.#....##
# ....#P..>.######....P#
..........#.#.##.....#
.........#.........##
...............)####
...####...#..##.#


You could see Nergalle (burning), 2 spectral orcs and 2 spectral orc warriors.

Vanquished Creatures
  A two-headed ogre (D:9)
  Joseph (D:8)
  A spiny frog (Lair:1)
  A komodo dragon (Lair:1)
  2 trolls (D:9)
  A hornet (D:9)
  A polar bear (D:9)
  A hippogriff (Lair:1)
  A yak (D:10)
  Edmund (D:4)
  Purgy (Sewer)
  2 water moccasins
  2 ice beasts
  A necrophage (D:7)
  A wolf (D:10)
  6 ogres
  A centaur (D:7)
  A big kobold (D:7)
  A bullfrog (D:7)
  A wyvern skeleton (D:8)
  A scorpion (D:4)
  3 killer bees
  9 wights
  A bullfrog zombie (D:6)
  A hound (D:4)
  2 jellies
  2 orc priests
  4 orc wizards
  A bullfrog skeleton (D:10)
  A centaur skeleton (D:4)
  An iguana (D:7)
  4 worker ants
  A hound skeleton (D:7)
  A gnoll (D:4)
  3 river rats (D:6)
  11 adders
  A white imp (D:10)
  An ooze (D:1)
  An adder zombie (D:8)
  An adder skeleton (D:4)
  3 worms
  4 dart slugs
  6 leopard geckos
  43 orcs
  7 bats
  4 giant cockroaches
  4 goblins
  9 hobgoblins
  20 jackals
  2 quokkas (D:4)
  6 ball pythons
  15 frilled lizards
  19 kobolds
  A quokka zombie (D:7)
  10 rats
231 creatures vanquished.

Notes
Turn   | Place    | Note
-------+----------+-------------------------------------------
     0 | D:1      | bli the Gargoyle Fire Elementalist began the quest for the Orb.
     0 | D:1      | Reached XP level 1. HP: 10/10 MP: 3/3
   217 | D:1      | Reached XP level 2. HP: 14/15 MP: 3/5
   488 | D:1      | Reached XP level 3. HP: 19/19 MP: 4/6
  1008 | D:2      | Reached skill level 3 in Spellcasting
  1154 | D:2      | Reached XP level 4. HP: 24/24 MP: 5/8
  1882 | D:3      | Found a faded altar of an unknown god.
  2103 | D:3      | Reached XP level 5. HP: 27/28 MP: 0/10
  2319 | D:3      | You fall through a shaft for 2 floors!
  2319 | D:5      | Entered Level 5 of the Dungeon
  2494 | D:5      | Found a staircase to the Ecumenical Temple.
  2503 | Temple   | Entered the Ecumenical Temple
  2510 | Temple   | Became a worshipper of Vehumet
  2671 | D:5      | Found a stormy altar of Qazlal.
  2673 | D:5      | Found a deep blue altar of Sif Muna.
  2718 | D:5      | Reached skill level 1 in Maces & Flails
  2759 | D:4      | Found a transporter.
  2787 | D:4      | Found a glowing silver altar of Zin.
  2815 | D:4      | Found a transporter.
  3053 | D:4      | Learned a level 4 spell: Sticky Flame
  3073 | D:4      | Reached XP level 6. HP: 32/33 MP: 4/11
  3140 | D:4      | Noticed Edmund
  3312 | D:4      | Reached skill level 4 in Spellcasting
  3363 | D:3      | Found a shadowy altar of Dithmenos.
  3383 | D:3      | Found a roughly hewn altar of Beogh.
  3532 | D:3      | Reached * piety under Vehumet
  3532 | D:3      | Offered knowledge of Magic Dart by Vehumet.
  4053 | D:4      | Killed Edmund
  4053 | D:4      | Reached XP level 7. HP: 15/37 MP: 2/13
  4249 | D:4      | Reached skill level 1 in Fighting
  4604 | D:5      | Found Odiapt's Assorted Antiques.
  4623 | D:5      | Found a shimmering altar of Xom.
  4800 | D:6      | Reached skill level 5 in Spellcasting
  4835 | D:6      | Found a hazy altar of Hepliaklqana.
  4938 | D:6      | Reached XP level 8. HP: 16/43 MP: 16/16
  5065 | D:6      | Reached skill level 5 in Fire Magic
  5121 | D:6      | Reached skill level 6 in Spellcasting
  5346 | D:6      | Found a glowing drain.
  5349 | D:6      | Reached ** piety under Vehumet
  5356 | Sewer    | Entered a sewer
  5361 | Sewer    | Offered knowledge of Sting by Vehumet.
  5365 | Sewer    | Learned a level 1 spell: Sting
  5433 | Sewer    | Noticed Purgy
  5440 | Sewer    | Killed Purgy
  6034 | D:7      | Found Bucipt's Assorted Antiques.
  6068 | D:7      | Reached skill level 5 in Conjurations
  6089 | D:7      | Offered knowledge of Throw Frost by Vehumet.
  6163 | D:7      | Learned a level 2 spell: Throw Frost
  6214 | D:7      | Reached skill level 7 in Spellcasting
  6214 | D:7      | Reached XP level 9. HP: 46/48 MP: 19/19
  6430 | D:7      | Reached skill level 1 in Poison Magic
  6487 | D:7      | Reached *** piety under Vehumet
  6574 | D:7      | Got a brightly glowing steel ring
  6894 | D:8      | Noticed Joseph
  7252 | D:8      | Killed Joseph
  7598 | D:8      | Offered knowledge of Airstrike by Vehumet.
  7692 | D:8      | Noticed a queen bee
  7696 | D:9      | Found a staircase to the Lair.
  7699 | D:10     | Entered Level 10 of the Dungeon
  7708 | D:10     | Reached skill level 1 in Armour
  8152 | D:10     | Noticed a polar bear
  8160 | D:10     | Noticed a troll
  8172 | D:9      | Killed a polar bear
  8172 | D:9      | Reached skill level 8 in Spellcasting
  8172 | D:9      | Reached XP level 10. HP: 36/54 MP: 13/22
  8266 | D:9      | Learned a level 3 spell: Dazzling Spray
  8272 | D:9      | Found Qidac's General Store.
  8279 | D:9      | Identified the ring "Vune" {rElec rN+ Str-3 Stlth+} (You found it on level 7 of the Dungeon)
  8308 | D:9      | Noticed a two-headed ogre
  8319 | D:9      | Killed a two-headed ogre
  8622 | Lair:1   | Entered Level 1 of the Lair of Beasts
  8622 | Lair:1   | Found a blossoming altar of Fedhas.
  8644 | Lair:1   | Noticed a spiny frog
  8652 | Lair:1   | Killed a spiny frog
  8694 | Lair:1   | Reached skill level 9 in Spellcasting
  8729 | Lair:1   | Reached skill level 1 in Ice Magic
  8778 | Lair:1   | Noticed Nergalle
  8785 | Lair:1   | Killed from afar by Nergalle

Skill      XL: |  1  2  3  4  5  6  7  8  9 10 |
---------------+-------------------------------+-----
Spellcasting   | 3 4 5 7 8 9 |  9.1
Conjurations   | 2 3 4 5 6 7 |  7.1
Maces & Flails | 1 2 3 |  3.3
Stealth        | 3 |  3.0
Dodging        | 2 3 |  3.8
Fire Magic     | 4 5 6 |  6.8
Fighting       | 1 2 3 |  3.4
Poison Magic   | 2 3 |  3.0
Armour         | 2 3 |  3.4
Ice Magic      | 1 |  1.1

Action                   |  1- 3 |  4- 6 |  7- 9 | 10-12 || total
-------------------------+-------+-------+-------+-------++-------
Melee: Unarmed           |     9 |       |       |       ||     9
       Club              |    20 |       |       |       ||    20
       Whip              |       |    96 |       |       ||    96
       Flail             |       |       |    79 |    15 ||    94
 Cast: Flame Tongue      |    51 |   145 |   178 |    15 ||   389
       Sticky Flame      |       |     1 |     8 |     9 ||    18
       Sting             |       |       |    79 |    28 ||   107
       Throw Frost       |       |       |    10 |    16 ||    26
  Use: Scroll            |       |       |     2 |       ||     2
       Potion            |       |       |     1 |       ||     1
 Stab: Sleeping          |     3 |     1 |     1 |       ||     5
  Eat: Chunk             |     1 |     9 |    29 |     1 ||    40
Armor: Robe              |     9 |    43 |    36 |       ||    88
       Leather armour    |       |       |    61 |    14 ||    75
Dodge: Dodged            |    22 |    89 |   168 |    25 ||   304
Block: Other             |       |       |       |     7 ||     7
